 Dungeon Crawl Stone Soup version 0.21.1-1-g345015fe64 (webtiles) character file.

236 Lothor the Slasher (level 5, -3/45 HPs)
             Began as a Draconian Berserker on Mar 20, 2018.
             Was a Priest of Trog.
             Slain by a worm (9 damage)
             ... on level 4 of the Dungeon.
             The game lasted 00:11:19 (3100 turns).

Lothor the Slasher (Draconian Berserker)            Turns: 3100, Time: 00:11:20

Health: -3/45      AC:  7    Str: 21    XL:     5   Next: 77%
Magic:  5/5        EV: 11    Int: 13    God:    Trog [***...]
Gold:   168        SH:  3    Dex: 10    Spells: 4/4 levels left

rFire    . . .     SeeInvis .   a - +0 falchion
rCold    . . .     Gourm    .   y - +0 buckler
rNeg     . . .     Faith    .   (armour unavailable)
rPois    .         Spirit   .   (helmet restricted)
rElec    .         Reflect  .   i - +0 cloak
rCorr    .         Harm     .   v - +0 pair of gloves
MR       .....                  (no boots)
Stlth    +.........             (no amulet)
HPRegen  0.15/turn              r - +6 ring of intelligence
MPRegen  0.09/turn              (no ring)

@: no status effects
A: unfitting armour, cold-blooded, AC +5
a: Berserk, Trog's Hand, Burn Spellbooks, Renounce Religion


You were on level 4 of the Dungeon.
You worshipped Trog.
Trog was most pleased with you.
You were not hungry.

You visited 1 branch of the dungeon, and saw 5 of its levels.

You collected 168 gold pieces.

Inventory:

Hand Weapons
 a - a +0 falchion (weapon)
 n - a +2 mace of holy wrath
 o - a cursed -1 dagger
Missiles
 d - 225 stones (quivered)
Armour
 i - a +0 cloak (worn)
 v - a +0 pair of gloves (worn)
 y - a +0 buckler (worn)
Jewellery
 r - a +6 ring of intelligence (left hand)
Wands
 z - a wand of flame (10)
Scrolls
 e - 3 scrolls of identify
 f - a scroll of fear {unknown}
 j - 2 scrolls of magic mapping {unknown}
 l - a scroll of amnesia {unknown}
 q - a scroll of blinking {unknown}
 s - a scroll of immolation {unknown}
 t - a scroll of remove curse {unknown}
 A - a scroll of teleportation {unknown}
Potions
 c - a potion of agility {unknown}
 g - a potion of flight {unknown}
 h - a potion of mutation {unknown}
 k - 2 potions of haste {unknown}
 m - a potion of lignification
 u - 3 potions of curing {unknown}
 w - a potion of ambrosia {unknown}
 x - a potion of brilliance {unknown}
Comestibles
 b - 10 rations


   Skills:
 - Level 3.2 Fighting
 + Level 6.6 Long Blades
 - Level 2.6 Dodging


You had 4 spell levels left.
You didn't know any spells.

Dungeon Overview and Level Annotations

Branches:
Dungeon (5/15)
 Temple: D:4-7

Altars:
Nemelex Xobeh
Trog
Xom
The Shining One


Innate Abilities, Weirdness & Mutations

Your plain brown scales are hard. (AC +5)
You cannot fit into any form of body armour.
You are cold-blooded and may be slowed by cold attacks.


Message History

You hit the gnoll.
You kill the gnoll!
Trog accepts your kill. The gnoll barely misses you. The gnoll misses you.
You riposte.
You closely miss the gnoll.
The gnoll is severely wounded.
You hit the gnoll.
You kill the gnoll!
Trog accepts your kill. The gnoll misses you.
You hit the worm.
The worm is lightly wounded.
The gnoll hits you from afar with a spear!
* * * LOW HITPOINT WARNING * * *
You hit the worm.
The worm is moderately wounded.
The gnoll hits you from afar with a spear.
* * * LOW HITPOINT WARNING * * *
The worm bites you!
You die...

......w)wg## ..## #
.......##..# ...# ##
....... #..# #..## #.
......# #..# #...##.
.....# ##.## #.....
....# #..## ##...#
.... ##.g### ##.## ...
#..(w)####### #.#
#..##@......#### #.#
#..######.......####.#
#..# #.........##.#
#.. #............#.
#..# #......#.......
... ##########.....
###... #... #...


You could see a worm and a gnoll.

Vanquished Creatures
  A hound (D:4)
  Terence (D:2)
  3 gnolls (D:4)
  5 adders
  3 oozes
  2 worms
  2 dart slugs
  A leopard gecko (D:1)
  An orc (D:3)
  3 ball pythons
  2 giant cockroaches (D:3)
  12 goblins
  8 hobgoblins
  15 jackals
  9 kobolds
  A quokka (D:3)
  5 bats
  3 frilled lizards (D:3)
  4 rats
81 creatures vanquished.

Notes
Turn   | Place    | Note
-------+----------+-------------------------------------------
     0 | D:1      | Lothor the Draconian Berserker began the quest for the Orb.
     0 | D:1      | Reached XP level 1. HP: 19/19 MP: 1/1
   283 | D:1      | Reached XP level 2. HP: 16/26 MP: 2/2
   751 | D:1      | Reached skill level 4 in Long Blades
   981 | D:2      | Reached XP level 3. HP: 30/31 MP: 3/3
  1152 | D:2      | Reached ** piety under Trog
  1208 | D:2      | Reached skill level 5 in Long Blades
  1208 | D:2      | Reached XP level 4. HP: 32/38 MP: 4/4
  1269 | D:2      | Noticed Terence
  1287 | D:2      | Killed Terence
  2111 | D:3      | Reached XP level 5. HP: 45/45 MP: 5/5
  2244 | D:3      | Reached skill level 6 in Long Blades
  2282 | D:3      | Reached *** piety under Trog
  2462 | D:3      | Found a bloodstained altar of Trog.
  2462 | D:3      | Found a sparkling altar of Nemelex Xobeh.
  2463 | D:3      | Found a shimmering altar of Xom.
  2513 | D:3      | Found a glowing golden altar of the Shining One.
  2844 | D:5      | Entered Level 5 of the Dungeon
  3100 | D:4      | Slain by a worm

Skill      XL: |  1  2  3  4  5 |
---------------+----------------+-----
Long Blades    | 4 5 6 |  6.6
Fighting       | |  3.2
Dodging        | |  2.6

Action                   |  1- 3 |  4- 6 || total
-------------------------+-------+-------++-------
Melee: Falchion          |    93 |   140 ||   233
       Tailslap          |    12 |    23 ||    35
Throw: Stone             |    11 |       ||    11
  Use: Scroll            |       |     2 ||     2
  Eat: Chunk             |     1 |     6 ||     7
Armor: Skin              |    38 |    45 ||    83
Dodge: Dodged            |    71 |   105 ||   176
Block: Buckler           |       |     6 ||     6
       Rpst.: Falchion   |    26 |    20 ||    46
